 Dungeon Crawl Stone Soup version 0.25-a0-41-g6cf4ce537d (webtiles) character file.

Game seed: 10165860830862915783, levelgen mode: deterministic

178025 Analysis the Warrior (level 17, -21/172 HPs)
             Began as a Centaur Hunter on Oct 20, 2019.
             Was the Champion of Okawaru.
             Demolished by a tyrant leech (23 damage)
             ... on level 4 of the Swamp on Oct 21, 2019.
             The game lasted 04:05:46 (41923 turns).

Analysis the Warrior (Centaur Hunter)              Turns: 41923, Time: 04:05:46

Health: -21/172    AC: 28    Str: 21    XL:     17   Next: 27%
Magic:  24/24      EV:  5    Int: 10    God:    Okawaru [******]
Gold:   3143       SH:  0    Dex: 11    Spells: 16/16 levels left

rFire    + . .     SeeInvis .   U - +9 longbow of Trial by Ordeal {venom, Stlth+}
rCold    . . .     Gourm    +   (shield currently unavailable)
rNeg     + . .     Faith    .   W - +2 chain mail {rPois}
rPois    +         Spirit   .   p - +0 helmet "Suuniv" {MR++}
rElec    .         Reflect  .   c - +2 cloak
rCorr    .         Harm     .   M - +2 pair of gloves
MR       +++..                  N - +2 centaur barding
Stlth    ..........             s - amulet of the gourmand
HPRegen  0.38/turn              D - ring of protection from fire
MPRegen  0.19/turn              e - ring of positive energy

@: berserk cooldown, slowed, very slow
A: large, hooves 3, deformed body, speed 2, tough skin 3
}: 1/15 runes: decaying
a: Heroism, Finesse, Renounce Religion


You were on level 4 of the Swamp.
You worshipped Okawaru.
Okawaru was exalted by your worship.
You were not hungry.

You visited 5 branches of the dungeon, and saw 28 of its levels.
You also visited: Ossuary, Bailey and Gauntlet.

You collected 4409 gold pieces.
You spent 1266 gold pieces at shops.

Inventory:

Hand Weapons
 I - a +2 longbow of flaming
 U - the +9 longbow of Trial by Ordeal (weapon) {venom, Stlth+}
   (Okawaru gifted it to you on level 6 of the Lair of Beasts)

   It poisons the ammo it fires.
   It makes you more stealthy.
Missiles
 d - 69 arrows (quivered)
Armour
 c - a +2 cloak (worn)
 p - the +0 helmet "Suuniv" (worn) {MR++}
   (You took it off Robin on level 4 of the Dungeon)

   It affects your resistance to hostile enchantments.
 M - a +2 pair of gloves (worn)
 N - a +2 centaur barding (worn)
 T - a +0 crystal plate armour
 W - a +2 chain mail of poison resistance (worn)
 Z - the +3 chain mail of Baoba {rC+ rN+ Stlth+}
   (You bought it in a shop on level 2 of the Orcish Mines)

   It protects you from cold.
   It protects you from negative energy.
   It makes you more stealthy.
Jewellery
 e - a ring of positive energy (right hand)
 s - an amulet of the gourmand (around neck)
 D - a ring of protection from fire (left hand)
 R - a +3 ring of evasion
Wands
 b - a wand of iceblast (36)
 u - a wand of digging (11)
 w - a wand of disintegration (14)
 F - a wand of enslavement (5)
 G - a wand of paralysis (7)
 H - a wand of flame (36)
 J - a wand of polymorph (5)
 L - a wand of clouds (7)
 O - a wand of acid (30)
Scrolls
 g - 7 scrolls of fog
 i - 6 scrolls of enchant armour
 k - 7 scrolls of remove curse
 l - 22 scrolls of teleportation
 m - 8 scrolls of enchant weapon
 q - 7 scrolls of fear
 x - 6 scrolls of blinking
 y - 5 scrolls of identify
 z - a scroll of acquirement
 E - 2 scrolls of brand weapon
 K - a scroll of holy word
 Q - 3 scrolls of immolation
 V - 6 scrolls of magic mapping
Potions
 h - 7 potions of heal wounds
 j - 15 potions of curing
 n - 3 potions of haste
 o - 2 potions of resistance
 r - 3 potions of invisibility
 t - a potion of magic
 v - 3 potions of ambrosia
 A - a potion of berserk rage
 B - 3 potions of mutation
 C - 5 potions of cancellation
 P - 4 potions of flight
 S - 3 potions of agility
 Y - 2 potions of might
Comestibles
 f - 47 rations


   Skills:
 * Level 20.6 Fighting
 - Level 20.0 Bows
 + Level 9.9 Armour
 - Level 3.6 Dodging
 - Level 0.4 Stealth
 - Level 10.0 Invocations


You had 16 spell levels left.
You didn't know any spells.
Your spell library contained the following spells:

 Spells                   Type           Power        Failure   Level  Hunger
 Beastly Appendage        Tmut           #.....       94%         1    ##.....
 Corona                   Hex            #......      94%         1    ##.....
 Flame Tongue             Conj/Fire      #....        94%         1    ##.....
 Freeze                   Ice            #...         94%         1    ##.....
 Magic Dart               Conj           #...         94%         1    ##.....
 Ensorcelled Hibernation  Hex/Ice        #.....       98%         2    ###....
 Passwall                 Tmut/Erth      #.......     98%         2    ###....
 Searing Ray              Conj           #.....       98%         2    ###....
 Shroud of Golubria       Chrm/Tloc      #.....       98%         2    ###....
 Slow                     Hex            #.......     98%         2    ###....
 Sticks to Snakes         Tmut           #.......     98%         2    ###....
 Swiftness                Chrm/Air       #.......     98%         2    ###....
 Throw Flame              Conj/Fire      #.....       98%         2    ###....
 Throw Frost              Conj/Ice       #.....       98%         2    ###....
 Confuse                  Hex            #.......     100%        3    ####...
 Conjure Flame            Conj/Fire      #.......     100%        3    ####...
 Dazzling Spray           Conj/Hex       #.....       100%        3    ####...
 Inner Flame              Hex/Fire       #.......     100%        3    ####...
 Ozocubu's Armour         Chrm/Ice       #.......     100%        3    ####...
 Portal Projectile        Hex/Tloc       #.....       100%        3    ####...
 Spectral Weapon          Hex/Chrm       #.......     100%        3    ####...
 Spider Form              Tmut/Pois      #.........   100%        3    ####...
 Tukima's Dance           Hex            #.......     100%        3    ####...
 Cause Fear               Hex            #.........   100%        4    #####..
 Force Lance              Conj/Tloc      #.......     100%        4    #####..
 Fulminant Prism          Conj/Hex       #.........   100%        4    #####..
 Ice Form                 Ice/Tmut       #.......     100%        4    #####..
 Iskenderun's Mystic Bla  Conj           #.......     100%        4    #####..
 Leda's Liquefaction      Hex/Erth       #.........   100%        4    #####..
 Passage of Golubria      Tloc           N/A          100%        4    #####..
 Sticky Flame             Conj/Fire      #.......     100%        4    #####..
 Summon Ice Beast         Ice/Summ       #.......     100%        4    #####..
 Throw Icicle             Conj/Ice       #.......     100%        4    #####..
 Blade Hands              Tmut           #.........   100%        5    ######.
 Fireball                 Conj/Fire      #.........   100%        5    ######.
 Lee's Rapid Deconstruct  Erth           #.........   100%        5    ######.
 Darkness                 Hex            #.........   100%        6    #######
 Freezing Cloud           Conj/Ice/Air   #.........   100%        6    #######
 Invisibility             Hex            #.......     100%        6    #######


Dungeon Overview and Level Annotations

Branches:
Dungeon (15/15)            Temple (1/1) D:6            Lair (6/6) D:11
  Swamp (4/4) Lair:3       Spider (0/4) Lair:3        Slime (0/5) Lair:5
    Orc (2/2) D:11            Elf (0/3) Orc:2        Vaults (0/5) D:14
 Depths (0/5) D:15        Ossuary (visited)          Bailey (visited)
Gauntlet (visited)

Altars:
Ashenzari
Cheibriados
Dithmenos
Elyvilon
Fedhas
Gozag
Hepliaklqana
Kikubaaqudgha
Makhleb
Nemelex Xobeh
Okawaru
Qazlal
Ru
Sif Muna
Trog
Uskayaw
Vehumet
Wu Jian
Xom
Yredelemnul
Zin
The Shining One

Shops:
D:4 [   D:8 [   D:10 ?   D:11 (   D:13 *   D:14 ?*:   D:15 (   Orc:2 :*}[(

Annotations:
D:11 3 runed translucent doors, Heliosone's ghost, journeyman KoBe
Lair:3 3 runed translucent doors, Froggeryz's ghost, journeyman DrCj


Innate Abilities, Weirdness & Mutations

You have hooves in place of feet.
Armour fits poorly on your strangely shaped body.
You cover ground very quickly.
You have extremely tough skin. (AC +3)


Message History

The tyrant leech barely misses you. The tyrant leech bites you!!!
The tyrant leech draws strength from your injuries!
The tyrant leech bites you!
* * * LOW HITPOINT WARNING * * *
The tyrant leech draws strength from your injuries!
The moth of wrath bites you but does no damage.
A swamp worm comes into view.
The tyrant leech bites you but does no damage.
The tyrant leech barely misses you.
You feel much better. The moth of wrath barely misses you.
The tyrant leech bites you but does no damage.
The tyrant leech bites you!!
* * * LOW HITPOINT WARNING * * *
The tyrant leech draws strength from your injuries!
The moth of wrath bites you.
* * * LOW HITPOINT WARNING * * *
The tyrant leech bites you!!
* * * LOW HITPOINT WARNING * * *
The tyrant leech bites you!!
You die...

≈≈. .≈≈ ≈♣ ..♣≈≈P ≈≈.
.≈♣(≈P ≈≈.♣ ...(
≈≈(≈((# #≈≈.♣ ♣♣≈≈≈
≈≈(((w#######≈≈≈..
..≈≈.
.≈≈≈(≈≈≈≈y≈≈≈≈≈≈.♣
≈≈≈..
.≈♣≈.(≈≈ww@≈§.§..♣
≈≈≈≈.
≈.≈≈§.≈(♣♣w≈≈.≈.♣♣
.....♣♣♣≈...(.≈♣≈....♣♣
≈...≈♣≈≈♣≈♣♣♣.y.≈.♣.♣♣
♣≈≈.(♣♣≈.....♣♣♣♣
♣♣♣...♣♣....♣♣
♣♣.♣♣♣♣♣≈≈♣ ♣♣.≈♣♣≈.♣♣♣
♣§.♣♣♣≈≈.♣


You could see 3 tyrant leeches, a moth of wrath and a swamp worm.

Vanquished Creatures
  Kirke (Swamp:1)
  3 thorn hunters
  2 orc warlords
  A very ugly thing (Swamp:2)
  A dire elephant (Lair:6)
  2 ogre magi
  A fire dragon (Lair:6)
  Erolcha (Orc:1)
  2 ghost crabs (Swamp:4)
  27 hydras
  2 ice dragons (D:15)
  A catoblepas (Lair:6)
  A centaur warrior (D:13)
  4 shambling mangroves
  5 two-headed ogres
  The ghost of mishael the Arsonist, a novice DrFE of Vehumet (D:9)
  10 alligators
  12 death yaks
  5 orc high priests
  Sonja (Lair:4)
  2 spriggan druids (Swamp:4)
  5 skeletal warriors
  14 swamp dragons
  An unseen horror (D:15)
  4 orc knights
  4 lindwurms (Lair:6)
  3 orc sorcerers
  2 wolf spider zombies
  3 wolf spiders (Lair:6)
  5 manticores
  8 ugly things
  A moth of wrath (Swamp:4)
  A deep elf mage (D:15)
  4 cyclopes
  21 elephants
  6 black mambas
  Maurice (D:8)
  Joseph (D:7)
  13 spiny frogs
  A torpor snail (Lair:5)
  A gargoyle (D:15)
  8 komodo dragons
  2 rime drakes
  A kobold demonologist (D:13)
  3 efreet
  A freezing wraith (D:9)
  5 yaktaurs (D:14)
  9 trolls
  4 jumping spiders (Lair:3)
  12 blink frogs
  A polar bear (Lair:6)
  A meliai (D:14)
  6 tyrant leeches
  8 dream sheep
  17 hornets
  10 bog bodies
  23 slime creatures
  Prince Ribbit (D:4)
  10 hippogriffs
  2 centaur simulacra
  3 shadows
  3 redbacks
  A vampire (D:9)
  9 spriggans
  4 wyverns
  52 yaks
  5 basilisks
  A wraith (D:15)
  2 hogs (Swamp:1)
  A yak (shapeshifter) (D:13)
  6 hungry ghosts
  19 vampire mosquitoes
  Menkaure (D:7)
  2 steam dragons (Lair:6)
  4 wargs (Orc:2)
  3 acid dragons
  14 insubstantial wisps
  Edmund (D:5)
  11 water moccasins
  21 swamp worms
  2 hell hounds (Orc:1)
  Duvessa (D:6)
  14 swamp drakes
  2 hornet zombies
  10 porcupines
  A black bear (D:12)
  25 orc warriors
  An eye of draining (D:9)
  3 ice beasts
  2 sky beasts
  19 ogres
  5 phantoms
  A boggart (D:14)
  15 centaurs
  15 wolves
  18 crocodiles
  6 big kobolds
  A wyvern zombie (D:12)
  19 bullfrogs
  Dowan (D:6)
  5 scorpions
  3 killer bees (D:9)
  2 electric eels
  3 howler monkeys
  7 centaur zombies
  9 crimson imps
  2 bullfrog zombies (D:9)
  9 hounds
  8 orc priests
  8 centaur skeletons
  4 jellies
  3 bullfrog skeletons
  4 iguanas
  22 orc wizards
  14 worker ants
  5 big kobold zombies (Ossuary)
  A hound zombie (D:9)
  4 hound skeletons
  2 mummies
  A worker ant zombie (D:5)
  Robin (D:4)
  A howler monkey skeleton (D:5)
  A gnoll (Bailey)
  13 adders
  3 shadow imps
  5 oozes
  An adder skeleton (D:4)
  2 worms (D:2)
  4 dart slugs
  6 leopard geckos
  59 orcs
  3 spectral bats (Ossuary)
  9 bats
  3 giant cockroaches
  10 goblins
  14 hobgoblins
  16 jackals
  24 kobolds
  4 quokkas
  4 ball pythons
  3 bat simulacra (Ossuary)
  10 frilled lizards
  7 gnoll zombies (Ossuary)
  2 goblin simulacra (Ossuary)
  3 goblin zombies (Ossuary)
  3 hobgoblin zombies (Ossuary)
  6 kobold simulacra (Ossuary)
  6 kobold zombies (Ossuary)
  6 orc zombies (Ossuary)
  A quokka skeleton (D:4)
  9 rats
  2 rat simulacra (Ossuary)
  A spectral kobold (Ossuary)
  6 spectral rats (Ossuary)
996 creatures vanquished.

Vanquished Creatures (others)
  A human (Swamp:1)
  An electric eel (D:13)
  16 fungi
  16 plants
  9 toadstools (Swamp:2)
  24 withered plants (Gauntlet)
67 creatures vanquished.

Grand Total: 1063 creatures vanquished

Notes
Turn   | Place    | Note
-------+----------+-------------------------------------------
     0 | D:1      | Analysis the Centaur Hunter began the quest for the Orb.
     0 | D:1      | Reached XP level 1. HP: 17/17 MP: 1/1
   536 | D:1      | Reached XP level 2. HP: 24/24 MP: 2/2
  1199 | D:1      | Reached XP level 3. HP: 23/30 MP: 3/3
  1893 | D:2      | Reached XP level 4. HP: 6/37 MP: 4/4
  3127 | D:3      | Reached XP level 5. HP: 30/45 MP: 5/5
  3975 | D:4      | Identified the cursed +0 helmet "Suuniv" {MR++}
  3975 | D:4      | Noticed Robin
  3981 | D:4      | Killed Robin
  4077 | D:4      | Reached XP level 6. HP: 50/52 MP: 6/6
  4152 | D:4      | Found Zediuz's Armour Boutique.
  4158 | D:4      | Bought a +0 pair of gloves for 45 gold pieces
  4363 | D:4      | Found a shattered altar of Ashenzari.
  4363 | D:4      | Found an iron altar of Okawaru.
  4367 | D:4      | Became a worshipper of Warmaster Okawaru
  4729 | D:4      | Reached skill level 1 in Invocations
  4783 | D:5      | Entered Level 5 of the Dungeon
  4850 | D:5      | Reached * piety under Okawaru
  4850 | D:5      | Reached XP level 7. HP: 34/60 MP: 8/8
  5022 | D:5      | Reached skill level 10 in Bows
  5108 | D:5      | Reached skill level 5 in Fighting
  5141 | D:5      | Found a sand-covered staircase.
  5152 | Ossuary  | Entered an ossuary
  5488 | Ossuary  | Reached ** piety under Okawaru
  5564 | Ossuary  | Reached XP level 8. HP: 68/68 MP: 10/10
  6075 | D:5      | Noticed Prince Ribbit
  6869 | D:6      | Found a staircase to the Ecumenical Temple.
  6881 | Temple   | Entered the Ecumenical Temple
  7000 | D:6      | Noticed Duvessa
  7000 | D:6      | Noticed Dowan
  7032 | D:6      | Killed Duvessa
  7033 | D:6      | Killed Dowan
  7178 | D:6      | Noticed Edmund
  8075 | D:6      | Reached skill level 5 in Invocations
  8398 | D:7      | Found a burning altar of Makhleb.
  8492 | D:7      | Reached *** piety under Okawaru
  8492 | D:7      | Received a gift from Okawaru
  8492 | D:7      | Reached XP level 9. HP: 58/78 MP: 12/12
  8807 | D:7      | Noticed Menkaure
  8821 | D:7      | Killed Menkaure
  9169 | D:7      | Found a basalt altar of Yredelemnul.
  9313 | D:7      | Noticed Joseph
  9651 | D:7      | Killed Joseph
  9651 | D:7      | Received a gift from Okawaru
 10223 | D:8      | Noticed Maurice
 10233 | D:8      | Killed Maurice
 10538 | D:8      | Found Qeragg's Antique Armour Shoppe.
 10944 | D:9      | Noticed a two-headed ogre
 10989 | D:9      | Killed a two-headed ogre
 10989 | D:9      | Reached **** piety under Okawaru
 10989 | D:9      | Reached XP level 10. HP: 88/88 MP: 15/15
 11043 | D:9      | Found a transporter.
 11044 | D:9      | Found a transporter.
 11044 | D:9      | Noticed mishael's ghost (novice DrFE)
 11083 | D:9      | Noticed a two-headed ogre
 11109 | D:9      | Killed a two-headed ogre
 11109 | D:9      | Received a gift from Okawaru
 11657 | D:9      | Upgraded the game from 0.25-a0-36-g303dd5b1f4 to
                  | 0.25-a0-41-g6cf4ce537d
 11834 | D:5      | Killed Edmund
 12127 | D:4      | Killed Prince Ribbit
 12339 | D:10     | Entered Level 10 of the Dungeon
 12552 | D:10     | Got an ichor-stained ring mail
 12563 | D:10     | Identified the +1 ring mail of Birdsong {rPois Dex+3} (You
                  | found it on level 10 of the Dungeon)
 12627 | D:10     | Received a gift from Okawaru
 12765 | D:10     | Reached ***** piety under Okawaru
 13118 | D:10     | Found Hufiuzioll's Magic Scroll Emporium.
 13128 | D:10     | Bought a scroll of fear for 49 gold pieces
 13128 | D:10     | Bought a scroll of blinking for 105 gold pieces
 13128 | D:10     | Bought a scroll of random uselessness for 14 gold pieces
 13128 | D:10     | Bought a scroll of identify for 28 gold pieces
 13128 | D:10     | Bought a scroll of identify for 28 gold pieces
 13128 | D:10     | Bought a scroll of noise for 14 gold pieces
 13128 | D:10     | Bought a scroll of teleportation for 42 gold pieces
 13151 | D:10     | Got a dull robe
 13162 | D:10     | Identified the cursed +1 robe of Listlessness {rPois rN+
                  | Stlth-} (You found it on level 10 of the Dungeon)
 13617 | D:10     | Reached skill level 15 in Bows
 13617 | D:10     | Reached XP level 11. HP: 99/99 MP: 17/17
 13799 | D:11     | Found a runed translucent gate.
 13804 | D:11     | Found a runed translucent gate.
 13805 | D:11     | Noticed Heliosone's ghost (journeyman KoBe)
 13806 | D:11     | Found a runed translucent gate.
 13807 | D:11     | Identified the +3 dagger of Dawn {venom, MR+}
 13867 | D:11     | Noticed a white ugly thing
 13900 | D:11     | Killed a white ugly thing
 13900 | D:11     | Reached skill level 10 in Fighting
 13989 | D:11     | Found Soagef's Weapon Boutique.
 14099 | D:11     | Received a gift from Okawaru
 14136 | D:11     | Got an amber-encrusted plate armour
 14147 | D:11     | Identified the cursed +0 plate armour of Agnosticism
                  | {+Blink Str-4 Slay+2 SInv} (You found it on level 11 of the
                  | Dungeon)
 14395 | D:11     | Found a staircase to the Orcish Mines.
 14418 | D:11     | Found a staircase to the Lair.
 14822 | D:12     | Found a flagged portal.
 14837 | Bailey   | Entered a bailey
 15010 | Bailey   | Found a bloodstained altar of Trog.
 15539 | D:12     | Reached skill level 10 in Invocations
 15551 | D:12     | Received a gift from Okawaru
 15628 | D:12     | Noticed a cyan ugly thing
 15651 | D:12     | Killed a cyan ugly thing
 15749 | D:12     | Received a gift from Okawaru
 15752 | D:12     | Got a smoking hat {god gift}
 15763 | D:12     | Identified the +0 hat "Ulieff" {rC+} (Okawaru gifted it to
                  | you on level 12 of the Dungeon)
 16789 | D:12     | Reached XP level 12. HP: 110/110 MP: 19/19
 17002 | Lair:1   | Entered Level 1 of the Lair of Beasts
 17030 | Lair:1   | Found a gate leading to a gauntlet.
 17049 | Gauntlet | Entered a Gauntlet
 17049 | Gauntlet | Found a transporter.
 17052 | Gauntlet | Found a transporter.
 17056 | Gauntlet | Found a transporter.
 17059 | Gauntlet | Found a transporter.
 17060 | Gauntlet | Found a transporter.
 17060 | Gauntlet | Found a transporter.
 17067 | Gauntlet | Noticed a two-headed ogre
 17069 | Gauntlet | Found a transporter.
 17069 | Gauntlet | Found a transporter.
 17070 | Gauntlet | a two-headed ogre changed into a merfolk
 17087 | Gauntlet | Noticed a reaper
 17096 | Gauntlet | Found a transporter.
 17096 | Gauntlet | Found a transporter.
 17105 | Gauntlet | Found a transporter.
 17146 | Gauntlet | Found a transporter.
 17196 | Gauntlet | Noticed an entropy weaver
 18118 | Lair:1   | Reached ****** piety under Okawaru
 18875 | Lair:2   | Received a gift from Okawaru
 19339 | Lair:2   | Found the cursed +14 obsidian axe {chop, +Fly SInv *Curse}
 19593 | Lair:3   | Found a staircase to the Swamp.
 19677 | Lair:3   | Found a runed translucent gate.
 19677 | Lair:3   | Found a runed translucent gate.
 19677 | Lair:3   | Found a runed translucent gate.
 19678 | Lair:3   | Noticed Froggeryz's ghost (journeyman DrCj)
 19728 | Lair:3   | Received a gift from Okawaru
 19732 | Lair:3   | Got a faintly glowing shortbow {god gift}
 19733 | Lair:3   | Identified the +10 shortbow of the Magi {freeze, rN+++ MR-
                  | Dex-2 SInv} (Okawaru gifted it to you on level 3 of the
                  | Lair of Beasts)
 20315 | Lair:3   | Found a hole to the Spider Nest.
 21323 | Lair:4   | Reached XP level 13. HP: 76/119 MP: 20/20
 21325 | Lair:4   | Noticed Sonja
 21588 | Lair:4   | Killed Sonja
 21823 | Lair:4   | Received a gift from Okawaru
 22089 | Lair:4   | Reached skill level 1 in Armour
 22562 | Lair:5   | Received a gift from Okawaru
 22877 | Lair:5   | Got a bloodstained chain mail {god gift}
 22888 | Lair:5   | Identified the +1 chain mail "Darez" {Dex+4} (Okawaru
                  | gifted it to you on level 5 of the Lair of Beasts)
 23194 | Lair:5   | Found a staircase to the Slime Pits.
 24053 | Lair:6   | Entered Level 6 of the Lair of Beasts
 24220 | Lair:5   | Identified a scroll of acquirement
 24582 | Lair:5   | Reached XP level 14. HP: 87/132 MP: 21/21
 25243 | Lair:6   | Received a gift from Okawaru
 25246 | Lair:6   | Got a faintly glowing longbow {god gift}
 25247 | Lair:6   | Identified the +9 longbow of Trial by Ordeal {venom,
                  | Stlth+} (Okawaru gifted it to you on level 6 of the Lair of
                  | Beasts)
 25744 | Lair:6   | Reached skill level 15 in Fighting
 25922 | Lair:6   | Got a pitted bone ring
 25989 | Lair:5   | Identified the ring "Estraom" {Str+2 Dex+6 Stlth-} (You
                  | found it on level 6 of the Lair of Beasts)
 26200 | Lair:6   | Reached skill level 5 in Armour
 26639 | Lair:6   | Received a gift from Okawaru
 26936 | Orc:1    | Entered Level 1 of the Orcish Mines
 26936 | Orc:1    | Noticed Erolcha
 26939 | Orc:1    | Killed Erolcha
 27829 | Orc:2    | Entered Level 2 of the Orcish Mines
 27834 | Orc:2    | Noticed an orc warlord
 28120 | Orc:2    | Found Tarih's Gadget Emporium.
 28120 | Orc:2    | Found Eguts's Antique Armour Boutique.
 28314 | Orc:2    | Found Dim Wimu's Antique Weapon Shoppe.
 28548 | Orc:1    | Received a gift from Okawaru
 28831 | Orc:1    | Killed an orc warlord
 29583 | Orc:2    | Reached XP level 15. HP: 107/145 MP: 22/22
 29864 | Orc:2    | Found a staircase to the Elven Halls.
 30040 | Orc:2    | Found Potaejir's General Store.
 30046 | Orc:2    | Noticed an orc warlord
 30085 | Orc:2    | Killed an orc warlord
 30201 | Orc:2    | Bought the +3 chain mail of Baoba {rC+ rN+ Stlth+} for 405
                  | gold pieces
 30266 | Orc:2    | Found Diong's Book Boutique.
 30701 | D:13     | Received a gift from Okawaru
 31030 | D:13     | Received a gift from Okawaru
 31118 | D:13     | Found Qeti's Assorted Antiques.
 31163 | D:13     | Received a gift from Okawaru
 31640 | D:14     | Found Mylian's General Store.
 31759 | D:14     | Bought a scroll of teleportation for 54 gold pieces
 31759 | D:14     | Bought a potion of heal wounds for 90 gold pieces
 31779 | D:14     | Found Luuklagh's Magic Scroll Shop.
 31787 | D:14     | Bought a scroll of teleportation for 48 gold pieces
 31787 | D:14     | Bought a scroll of magic mapping for 56 gold pieces
 31787 | D:14     | Bought a scroll of magic mapping for 56 gold pieces
 31787 | D:14     | Bought a scroll of magic mapping for 56 gold pieces
 31787 | D:14     | Bought a scroll of enchant weapon for 120 gold pieces
 31787 | D:14     | Bought a scroll of fear for 56 gold pieces
 32264 | D:14     | Found a gate to the Vaults.
 32430 | D:14     | Received a gift from Okawaru
 32575 | D:14     | Found Xoahuj's Book Shoppe.
 32839 | D:15     | Entered Level 15 of the Dungeon
 32977 | D:15     | Found an iron altar of Okawaru.
 33226 | D:15     | Found Edisuet's Weapon Shop.
 33639 | D:15     | Found a staircase to the Depths.
 34010 | D:9      | Received a gift from Okawaru
 34014 | D:9      | Got a faintly glowing robe {god gift}
 34025 | D:9      | Identified the +1 robe "Yskom" {SInv} (Okawaru gifted it to
                  | you on level 9 of the Dungeon)
 34277 | D:9      | Killed mishael's ghost
 34439 | Swamp:1  | Entered Level 1 of the Swamp
 34439 | Swamp:1  | Noticed a thorn hunter
 34450 | Swamp:1  | Killed a thorn hunter
 34662 | Swamp:1  | Reached XP level 16. HP: 138/159 MP: 23/23
 34966 | Swamp:1  | Noticed Kirke
 35777 | Swamp:1  | Killed Kirke
 36049 | Swamp:1  | Noticed a thorn hunter
 36058 | Swamp:1  | Killed a thorn hunter
 37500 | Swamp:2  | Received a gift from Okawaru
 37842 | Swamp:2  | Noticed a thorn hunter
 37852 | Swamp:2  | Killed a thorn hunter
 39103 | Swamp:3  | Received a gift from Okawaru
 39442 | Swamp:3  | Received a gift from Okawaru
 39616 | Swamp:4  | Entered Level 4 of the Swamp
 40713 | Swamp:3  | Received a gift from Okawaru
 40713 | Swamp:3  | Reached XP level 17. HP: 137/170 MP: 24/24
 40717 | Swamp:3  | Got an iridescent shortbow {god gift}
 40718 | Swamp:3  | Identified the +1 shortbow "Ahoguodgh" {freeze, MP+9
                  | Stlth+} (Okawaru gifted it to you on level 3 of the Swamp)
 41571 | Swamp:4  | Identified Sif Muna's Handbook of Lucky Cold
 41709 | Swamp:4  | Got a decaying rune of Zot
 41923 | Swamp:4  | HP: 2/172 [tyrant leech (26)]
 41923 | Swamp:4  | Demolished by a tyrant leech

Levels and vault maps discovered:
D:1:      psy_arrival_statuary, layout_basic
D:2:      minmay_diamond_boxcup, layout_basic
D:3:      layout_basic, first_ration
D:4:      layout_loops_ring, gammafunk_temple_overflow_wave, serial_shops, shop,
          kennysheep_generic_room_15, uniq_robin
D:5:      layout_basic, gup_ossuary_entry_pyramid, uniq_prince_ribbit1
D:6:      layout_basic, minmay_temple_entry_trees, uniq_edmund, uniq_duvessa
D:7:      layout_basic, nicolae_overflow_crystal_walls, kennysheep_mini_moat,
          grunt_ogre_cave, uniq_joseph, uniq_menkaure
D:8:      minmay_spotlight, layout_rooms, kennysheep_small_circle, uniq_maurice
D:9:      layout_basic, gammafunk_ghost_mausoleum
D:10:     wander_river, layout_irregular_city, serial_shops, shop_scrolls
D:11:     layout_basic, lair_entry_dummy, orc_0_dummy,
          gammafunk_ghost_nasty_kobolds, serial_shops, shop
D:12:     layout_long_grid, enter_bailey_8, minmay_between
D:13:     layout_big_octagon, serial_shops, nicolae_shop_stone
D:14:     minmay_general_purpose_star, layout_basic,
          hangedman_vaults_entry_quadrant_bands, serial_shops,
          nicolae_shop_trees, shop, nicolae_shop_trees
D:15:     grunt_enter_depths_hoard, layout_small_grid, serial_bayou_shore_b,
          basic_altar, serial_shops, shop_statue
Temple:   nicolae_temple_no_exploring_needed
Lair:1:   layout_loops_ring, gauntlet_entry_generic, beast_lair_carwin_5,
          grunt_megastairs_1
Lair:2:   layout_cave_shapes
Lair:3:   layout_long_grid, swamp_mist, nicolae_spider_entry_tight_spaces,
          gammafunk_ghost_necromancy
Lair:4:   layout_misc_corridors, minivault_19, uniq_sonja
Lair:5:   layout_gridlike, nicolae_slime_entry_slimehenge
Lair:6:   hangedman_lair_in_review, layout_cave_shapes,
          guppyfry_lair_end_dragon, minmay_lindwurm_lava
Swamp:1:  layout_falls_marsh, hangedman_swamp_ruin_hall, uniq_kirke
Swamp:2:  cheibrodos_swamp_tower_of_moss, layout_basic_swamp,
          evilmike_swamp_ruin_house_1
Swamp:3:  layout_falls_marsh, evilmike_swamp_ruin_house_4
Swamp:4:  swamp, layout_basic_swamp, worms_lemuel
Orc:1:    layout_caves, enter_volcano_3, uniq_erolcha
Orc:2:    grunt_orc_gardens, layout_caves, grunt_orc_garden, grunt_orc_garden,
          grunt_orc_garden, grunt_orc_garden, serial_shops, shop, mines2_lemuel

Skill      XL: |  1  2  3  4  5  6  7  8  9 10 11 12 13 14 15 16 |
---------------+-------------------------------------------------+-----
Bows           | 6 7 8 9 10 12 13 15 17 19 20 | 20.0
Fighting       | 3 4 5 6 8 9 11 12 14 16 18 20 | 20.6
Invocations    | 2 3 5 7 9 10 | 10.0
Armour         | 3 5 7 9 |  9.9
Dodging        | 3 |  3.6
Stealth        | |  0.4

Action                   |  1- 3 |  4- 6 |  7- 9 | 10-12 | 13-15 | 16-18 || total
-------------------------+-------+-------+-------+-------+-------+-------++-------
Melee: Short sword       |   124 |       |   179 |       |       |       ||   303
       Kick              |    16 |       |    53 |       |       |       ||    69
       Longbow           |       |       |       |       |     1 |       ||     1
 Fire: Shortbow          |    29 |   261 |   472 |   394 |       |       ||  1156
       Longbow           |       |       |       |   515 |  1270 |   690 ||  2475
Invok: Heroism           |       |       |     1 |       |     1 |       ||     2
       Finesse           |       |       |       |       |     1 |       ||     1
Evoke: Wand              |       |       |       |     2 |       |     4 ||     6
  Use: Potion            |       |     1 |       |     1 |     2 |     3 ||     7
       Scroll            |       |       |    11 |    13 |     7 |     2 ||    33
  Eat: Chunk             |     2 |     7 |     9 |    35 |    45 |    20 ||   118
       Ration            |       |       |     2 |       |     1 |       ||     3
Armor: Leather armour    |    64 |    17 |    39 |   124 |   159 |       ||   403
       Scale mail        |       |    13 |   133 |       |       |       ||   146
       Chain mail        |       |       |       |       |   160 |   309 ||   469
Dodge: Dodged            |    78 |    51 |    88 |    60 |   123 |    94 ||   494

Table legend:
 A = Non-vault XP
 B = Vault XP
 C = Vault XP percentage of total XP
 D = Non-vault monster count
 E = Vault monster count
 F = Vault count percentage of total count
                 A         B        C        D         E       F
            +---------+---------+-------+---------+---------+-------
      Total |  160530 |   75221 |  31.9 |     730 |     266 |  26.7
            +---------+---------+-------+---------+---------+-------
        D:1 |      43 |       0 |   0.0 |      24 |       0 |   0.0
        D:2 |      69 |      33 |  32.4 |      20 |       6 |  23.1
        D:3 |     124 |       0 |   0.0 |      33 |       0 |   0.0
        D:4 |     178 |     377 |  67.9 |      12 |      14 |  53.8
        D:5 |    1022 |     172 |  14.4 |      24 |       2 |   7.7
        D:6 |     599 |     223 |  27.1 |      21 |       2 |   8.7
        D:7 |     497 |     729 |  59.5 |      12 |       3 |  20.0
        D:8 |     514 |     487 |  48.7 |      14 |       2 |  12.5
        D:9 |    2498 |    2128 |  46.0 |      16 |       7 |  30.4
       D:10 |    3383 |       0 |   0.0 |      27 |       0 |   0.0
       D:11 |    4699 |       0 |   0.0 |      36 |       0 |   0.0
       D:12 |    5967 |     227 |   3.7 |      37 |       4 |   9.8
       D:13 |    8642 |       0 |   0.0 |      47 |       0 |   0.0
       D:14 |    7924 |    7722 |  49.4 |      29 |      23 |  44.2
       D:15 |   10959 |    1924 |  14.9 |      24 |       2 |   7.7
     Lair:1 |    4732 |    1349 |  22.2 |      23 |       9 |  28.1
     Lair:2 |    5182 |     220 |   4.1 |      25 |       1 |   3.8
     Lair:3 |    2008 |    1699 |  45.8 |      12 |       6 |  33.3
     Lair:4 |   10966 |     827 |   7.0 |      31 |       1 |   3.1
     Lair:5 |   12292 |      70 |   0.6 |      32 |       5 |  13.5
     Lair:6 |   11609 |   18765 |  61.8 |      33 |      44 |  57.1
    Swamp:1 |   14644 |    2538 |  14.8 |      31 |       3 |   8.8
    Swamp:2 |   20112 |    2137 |   9.6 |      43 |       1 |   2.3
    Swamp:3 |   11078 |    3655 |  24.8 |      29 |       4 |  12.1
    Swamp:4 |   15426 |   16056 |  51.0 |      49 |      27 |  35.5
      Orc:1 |    2153 |    6856 |  76.1 |      22 |      14 |  38.9
      Orc:2 |    3210 |    6244 |  66.0 |      24 |      16 |  40.0
    Ossuary |       0 |     208 | 100.0 |       0 |      54 | 100.0
     Bailey |       0 |     575 | 100.0 |       0 |      16 | 100.0
            +---------+---------+-------+---------+---------+-------
